 Dungeon Crawl Stone Soup version 0.25-a0-435-g4b9beb1024 (webtiles) character file.

Game seed: 9902630536568079855, levelgen mode: classic

14552 EnegeticOcto the Cleaver (level 11, -1/106 HPs)
             Began as a Deep Dwarf Berserker on Jan 27, 2020.
             Was an Elder of Trog.
             Slain by an orc knight
             ... wielding a +0 glaive
              (27 damage)
             ... on level 2 of the Orcish Mines.
             The game lasted 00:19:46 (2781 turns).

EnegeticOcto the Cleaver (Deep Dwarf Berserker)     Turns: 2781, Time: 00:19:46

Health: -1/106     AC: 17    Str: 24    XL:     11   Next: 90%
Magic:  18/18 (9)  EV: 11    Int:  8    God:    Trog [****..]
Gold:   1001       SH:  4    Dex: 14    Spells: 10/10 levels left

rFire    . . .     SeeInvis +   t - +3 battleaxe (drain)
rCold    . . .     Gourm    .   (shield currently unavailable)
rNeg     . . .     Faith    .   u - +0 plate armour
rPois    .         Spirit   .   v - +2 hat
rElec    .         Reflect  .   h - scarf {repulsion}
rCorr    .         Harm     .   y - +0 pair of gloves
MR       +....                  (no boots)
Stlth    ..........             (no amulet)
HPRegen  0.00/turn              d - ring of see invisible
MPRegen  0.16/turn              k - ring of magical power

@: lethally poisoned (-1 -> -1), berserk cooldown, non-regenerating, slowed,
repel missiles, very slow
A: damage resistance, heal wounds, large bone plates 1, agile 1, sense
surroundings 2, no regeneration
a: Heal Wounds, Berserk, Trog's Hand, Brothers in Arms, Renounce Religion


You were on level 2 of the Orcish Mines.
You worshipped Trog.
Trog was greatly pleased with you.
You were not hungry.

You visited 2 branches of the dungeon, and saw 14 of its levels.

You collected 1001 gold pieces.

Inventory:

Hand Weapons
 a - a +0 hand axe
 q - a +2 antimagic war axe
 r - a +1 hand axe of venom
 t - a +3 battleaxe of draining (weapon)
Armour
 h - a scarf of repulsion (worn)
 s - the +0 scale mail of Vanity {rElec rN+ Int+4 Dex+5}
   (You found it on level 6 of the Dungeon)

   It affects your intelligence (+4).
   It affects your dexterity (+5).
   It insulates you from electricity.
   It protects you from negative energy.
   If you switch to wearing this armour, your AC will fall 6 points (17 -> 11)
 u - a +0 plate armour (worn)
 v - a +2 hat (worn)
 y - a +0 pair of gloves (worn)
Jewellery
 d - a ring of see invisible (left hand)
 k - a ring of magical power (right hand)
Wands
 m - a wand of flame (14)
 z - a wand of enslavement (7)
Scrolls
 b - a scroll of identify {@r1}
 f - 2 scrolls of remove curse {@r2}
 x - a scroll of immolation
Potions
 c - 2 potions of flight
 g - a potion of agility {@q5 !q}
 i - a potion of brilliance {unknown}
 l - a potion of haste {@q4 !q}
 n - a potion of mutation
 o - a potion of lignification {@q6}
 p - 3 potions of curing {@q1 !q}
Comestibles
 e - 6 rations


   Skills:
 + Level 9.0 Fighting
 * Level 14.1 Axes
 + Level 8.0 Armour
 + Level 8.1 Dodging
 + Level 5.8 Evocations


You had 10 spell levels left.
You didn't know any spells.
Your spell library was empty.

Dungeon Overview and Level Annotations

Branches:
Dungeon (12/15)            Temple (0/1) D:6             Orc (2/2) D:10
    Elf (0/3) Orc:2
   Lair: D:8-11

Altars:
Yredelemnul
Beogh

Shops:
D:9 :


Innate Abilities, Weirdness & Mutations

You are resistant to damage.
You can heal yourself by infusing magical energy.
You passively map the area around you.
You do not regenerate.
You are partially covered in large bone plates. (SH +4)
You are agile. (Dex +2)


Message History

The orc knight roars a battlecry!
The orc misses you. The orc knight completely misses you.
The orc priest invokes the aid of Beogh against you.
Beogh smites you!
The orc knight hits you from afar with a +0 glaive.
You block the orc's attack.
As you read the scroll labeled WOWKYS LOOTOU, it crumbles to dust.
You feel aware of your surroundings.
You sensed 5 shops/portals.
It was a scroll of magic mapping.
The orc priest no longer looks unusually strong.
The orc priest closely misses you.
The orc knight hits you with a +2 great mace!
The orc hits you but does no damage.
You are more poisoned.
The orc knight hits you from afar with a +0 glaive!!
* * * LOW HITPOINT WARNING * * *
The orc priest hits you but does no damage.
As you read the scroll labeled QENOS GASMI, it crumbles to dust.
Your body is wracked with pain!
* * * LOW HITPOINT WARNING * * *
The orc knight convulses! x3; The orc convulses!
The orc priest convulses! x3
The orc convulses! x2; The orc warrior convulses!
The orc priest convulses!
The orc convulses!
It was a scroll of torment.
The orc knight no longer looks unusually strong. x2
The orc warrior no longer looks unusually strong.
The orc priest calls upon Beogh to heal the orc priest.
The orc priest is healed somewhat.
You block the orc priest's attack. The orc closely misses you.
The orc knight closely misses you.
The orc priest hits you but does no damage.
The orc knight barely misses you.
An orc comes into view. It is wielding a +0 dagger.
The orc priest invokes the aid of Beogh against you.
Pain shoots through your body!
Okay, then.
Okay, then.
Unknown command.
Your magical essence is drained by the effort!
You feel much better.
The orc no longer looks unusually strong.
The orc warrior no longer looks unusually strong.
The orc misses you. You block the orc priest's attack.
The orc knight hits you with a +2 great mace.
You block the orc knight's attack.
The orc priest hits you with a +0 hand axe.
The orc priest calls upon Beogh to heal the orc.
The orc's wounds heal themselves!
The orc priest looks satisfied for a moment.
You hear a shout!
You hear a shout!
The orc knight roars a battlecry!
The orcs go into a battle-frenzy!
The orc hits you but does no damage.
The orc priest looks satisfied for a moment.
The orc knight roars a battlecry!
The orc goes into a battle-frenzy!
The orc throws a boomerang.
The boomerang completely misses you.
The weapon returns to the orc!
The orc priest mumbles some strange prayers to Beogh against you.
Beogh smites you! The orc barely misses you.
The orc priest hits you but does no damage.
The orc no longer looks unusually strong.
The orc throws a boomerang.
The boomerang is repelled.
The weapon returns to the orc!
An orc priest comes into view. It is wielding a +0 war axe.
The orc throws a boomerang.
The boomerang is repelled.
The weapon returns to the orc!
The orc no longer looks unusually strong.
The orc throws a boomerang.
The boomerang is repelled.
The weapon returns to the orc!
Your magical essence is drained by the effort!
You feel much better.
The orc priest no longer looks unusually strong.
The orc knight hits you from afar with a +0 glaive!!
The orc knight hits you with a +2 great mace.
The orc priest miscasts a cantrip.
You feel much better.
The orc priest calls upon Beogh to heal the orc knight.
The orc knight is healed somewhat.
The orc knight hits you but does no damage.
The orc knight roars a battlecry!
The orcs go into a battle-frenzy!
Okay, then.
Evoke which item? (* to show all) (? for menu, Esc to quit)
Aiming: Enslavement
Press: ? - help, Shift-Dir - straight line, f - orc knight
Aim: an orc knight, wielding a +2 great mace and wearing a +0 plate armour (heavily wounded, unusually strong, chance to defeat MR: 46%)
The orc knight resists with some effort.
The orc knight hits you with a +2 great mace!!!
* * * LOW HITPOINT WARNING * * *
The orc knight hits you but does no damage.
Evoke which item? (* to show all) (? for menu, Esc to quit)
Aiming: Enslavement
Press: ? - help, Shift-Dir - straight line, f/p - orc knight
Aim: an orc knight, wielding a +2 great mace and wearing a +0 plate armour (heavily wounded, unusually strong, chance to defeat MR: 46%)
The orc knight resists with some effort.
The orc no longer looks unusually strong.
The orc knight roars a battlecry!
The orc goes into a battle-frenzy!
The orc knight hits you from afar with a +0 glaive!!
You die...

**,,**,,,,o,,,,,,,,*
*,,,**,,,,*.o.#...,*
**,,***,,,,.......**
**** *,,,*o..#...*
**,,,o.....#*
*,,*o..#..# ###
**,,.o...#*
##.#######)..######
##.@#..oo[oo........
#..o#..o..)(........
#.oooo.oo.o.........
##..oo..............
##...o..............
#...................
##..................
##..................
#..........>........


You could see 3 orc knights, 2 orc priests and 2 orcs.

Vanquished Creatures
  Gastronok (D:8)
  A flayed ghost (D:7)
  Pikel (D:4)
  2 ugly things
  2 deep elf magi
  An orc sorcerer (Orc:2)
  Psyche (D:8)
  3 kobold demonologists (D:8)
  4 trolls
  Grinder (D:4)
  A hippogriff (D:8)
  A wraith (D:10)
  7 yaks
  A golden eye (shapeshifter) (D:7)
  Duvessa (D:4)
  A water moccasin (D:9)
  An ice beast (D:6)
  4 slaves
  A black bear (D:10)
  17 orc warriors
  7 ogres
  A phantom (D:8)
  4 centaurs
  A crocodile (D:9)
  A big kobold (D:8)
  2 wyvern zombies
  Blork the orc (D:3)
  3 bullfrogs
  2 gnoll sergeants
  Dowan (D:4)
  5 killer bees (D:8)
  3 scorpions
  7 wights
  3 howler monkeys (D:10)
  A crimson imp (D:9)
  A bullfrog zombie (D:7)
  13 orc priests
  5 hounds
  2 centaur skeletons
  A jelly (D:8)
  2 bullfrog skeletons
  An iguana (D:4)
  6 worker ants
  14 orc wizards
  A hound zombie (D:7)
  A hound skeleton (D:9)
  16 gnolls
  5 adders
  An adder zombie (D:4)
  2 adder skeletons (D:7)
  2 worms
  61 orcs
  A ball python (D:4)
  A goblin (D:3)
  2 hobgoblins (D:3)
  5 jackals
  3 kobolds
  2 quokkas
  2 bats (D:3)
  3 frilled lizards
  A jackal skeleton (D:4)
  A leopard gecko skeleton (D:4)
  2 rats (D:3)
251 creatures vanquished.

Vanquished Creatures (collateral kills)
  An orc priest (Orc:2)
  An orc (Orc:2)
2 creatures vanquished.

Grand Total: 253 creatures vanquished

Notes
Turn   | Place    | Note
-------+----------+-------------------------------------------
     0 | D:1      | EnegeticOcto the Deep Dwarf Berserker began the quest for
                  | the Orb.
     0 | D:1      | Reached XP level 1. HP: 20/20 MP: 1/1
   176 | D:4      | Noticed Blork the orc
   176 | D:4      | Noticed Pikel
   176 | D:4      | Noticed a slave
   176 | D:4      | Noticed a slave
   176 | D:4      | Noticed a slave
   176 | D:4      | Noticed a slave
   176 | D:4      | Noticed a scorpion
   182 | D:3      | Killed Blork the orc
   182 | D:3      | Reached skill level 4 in Axes
   182 | D:3      | Reached XP level 2. HP: 7/28 MP: 2/2
   182 | D:3      | Reached XP level 3. HP: 9/34 MP: 3/3
   182 | D:3      | Reached XP level 4. HP: 11/42 MP: 4/4
   241 | D:3      | Killed a slave
   242 | D:3      | Killed a slave
   244 | D:3      | Reached skill level 5 in Axes
   249 | D:3      | Killed a slave
   336 | D:4      | Reached XP level 5. HP: 30/50 MP: 4/4
   340 | D:4      | Killed a slave
   343 | D:4      | Killed Pikel
   343 | D:4      | Reached skill level 7 in Axes
   343 | D:4      | Reached XP level 6. HP: 23/60 MP: 5/5
   343 | D:4      | Reached XP level 7. HP: 26/66 MP: 6/6
   351 | D:4      | Noticed Duvessa
   402 | D:4      | Noticed Dowan
   407 | D:4      | Killed Duvessa
   407 | D:4      | Reached skill level 5 in Fighting
   407 | D:4      | Reached skill level 8 in Axes
   410 | D:4      | Killed Dowan
   414 | D:4      | Reached ** piety under Trog
   492 | D:4      | Noticed Grinder
   536 | D:4      | Killed Grinder
   536 | D:4      | Reached skill level 9 in Axes
   536 | D:4      | Reached XP level 8. HP: 68/75 MP: 7/7
   605 | D:5      | Entered Level 5 of the Dungeon
   727 | D:6      | Found a staircase to the Ecumenical Temple.
   828 | D:6      | Got a translucent scale mail
   839 | D:6      | Identified the +0 scale mail of Vanity {rElec rN+ Int+4
                  | Dex+5} (You found it on level 6 of the Dungeon)
   870 | D:6      | Reached skill level 10 in Axes
   924 | D:6      | Found a basalt altar of Yredelemnul.
  1116 | D:7      | Gained mutation: You are partially covered in large bone
                  | plates. (SH +4) [potion of mutation]
  1116 | D:7      | Gained mutation: You are agile. (Dex +2) [potion of
                  | mutation]
  1187 | D:8      | Gained mutation: You passively map the area around you.
                  | [Deep Dwarf growth]
  1187 | D:8      | Reached XP level 9. HP: 83/85 MP: 8/8
  1223 | D:8      | Reached skill level 11 in Axes
  1281 | D:8      | Noticed Gastronok
  1290 | D:8      | Killed Gastronok
  1290 | D:8      | Reached skill level 12 in Axes
  1290 | D:8      | Reached skill level 5 in Armour
  1290 | D:8      | Reached skill level 5 in Dodging
  1290 | D:8      | Reached XP level 10. HP: 72/94 MP: 9/9
  1368 | D:7      | Noticed a harpy
  1369 | D:7      | Noticed a flayed ghost
  1458 | D:7      | Killed a flayed ghost
  1465 | D:7      | Noticed a deep elf mage
  1480 | D:7      | Killed a deep elf mage
  1480 | D:7      | Reached skill level 1 in Evocations
  1562 | D:7      | Reached *** piety under Trog
  1715 | D:8      | Noticed a sun demon
  1717 | D:8      | Noticed a rust devil
  1719 | D:8      | Noticed a sixfirhy
  1719 | D:8      | Noticed a sixfirhy
  1720 | D:8      | Noticed a soul eater
  1730 | D:8      | Reached skill level 13 in Axes
  1779 | D:8      | Noticed Psyche
  1785 | D:8      | Killed Psyche
  1785 | D:8      | Reached XP level 11. HP: 73/103 MP: 11/11
  1846 | D:9      | Found Nibonogom's Book Boutique.
  1867 | D:9      | Found a roughly hewn altar of Beogh.
  1867 | D:9      | Found a transporter.
  1911 | D:9      | Reached **** piety under Trog
  1974 | D:9      | Noticed a green ugly thing
  1983 | D:9      | Killed a green ugly thing
  2022 | D:9      | Found a transporter.
  2129 | D:10     | Entered Level 10 of the Dungeon
  2336 | D:11     | Reached ***** piety under Trog
  2336 | D:11     | Received a gift from Trog
  2365 | D:11     | Noticed a brown ugly thing
  2381 | D:11     | Killed a brown ugly thing
  2393 | D:11     | Noticed a deep elf mage
  2401 | D:11     | Killed a deep elf mage
  2491 | D:10     | Reached skill level 5 in Evocations
  2541 | D:10     | Found a staircase to the Orcish Mines.
  2559 | Orc:1    | Entered Level 1 of the Orcish Mines
  2601 | Orc:2    | Entered Level 2 of the Orcish Mines
  2622 | Orc:2    | Noticed an orc sorcerer
  2628 | Orc:2    | Killed an orc sorcerer
  2628 | Orc:2    | Reached skill level 14 in Axes
  2709 | Orc:2    | Found a staircase to the Elven Halls.
  2746 | Orc:2    | Noticed an orc knight
  2748 | Orc:2    | Noticed an orc knight
  2760 | Orc:2    | Noticed an orc knight
  2781 | Orc:2    | Slain by an orc knight

Levels and vault maps discovered:
D:1:      mrwooster_arrival_statue_3, layout_basic
D:2:      layout_basic
D:3:      layout_loops_corners, old_standard_altar, lemuel_doored_altar,
          minmay_misc_feat_room, uniq_sigmund
D:4:      layout_rooms, uniq_blork_the_orc, uniq_grinder, uniq_duvessa,
          uniq_pikel
D:5:      layout_loops_ring, lemuel_coloured_pillars_altar, first_ration,
          minmay_misc_feat_tiny, grunt_ministairs_6, uniq_prince_ribbit1
D:6:      layout_loops_ring, yredelemnul_altar_generic,
          minmay_temple_entry_statues_fountains, makhleb_blood_cavern_becter
D:7:      minmay_klotski, layout_basic
D:8:      layout_basic, ashenzari_altar_1, uniq_psyche, uniq_gastronok
D:9:      gammafunk_beogh_shrine, layout_cave_pools, serial_shops,
          nicolae_shop_behind_doors, serial_column_ruins, column_ruins_hut,
          column_ruins_temple_circle, column_ruins_corridor_straight,
          column_ruins_grid_2, column_ruins_open_tiny, column_ruins_columns_T,
          column_ruins_open_medium
D:10:     layout_loops_ring, david_orc_3, serial_shops, shop,
          ploomutoo_gammafunk_ghost_potion_laboratory
D:11:     minmay_the_grid_octo_tiled_octocenter_mashed
          [minmay_the_grid_octo_thin_diamonds, minmay_the_grid_octo_pinwheel,
          minmay_the_grid_octo_chip, minmay_the_grid_octo_teeth,
          minmay_the_grid_octo_prize_big_c, minmay_the_grid_square_5x5_meh,
          minmay_the_grid_square_5x5_inset,
          minmay_the_grid_square_5x5_fancy_junction,
          minmay_the_grid_square_5x5_minibox], layout_long_grid,
          lair_entry_dummy, uniq_sonja
D:12:     layout_basic, serial_shops, shop_statue
Orc:1:    layout_caves, basic_altar
Orc:2:    st_orc_pillars, layout_caves, serial_shops, shop

Skill      XL: |  1  2  3  4  5  6  7  8  9 10 11 |
---------------+----------------------------------+-----
Fighting       | 3 4 5 6 7 8 9 |  9.0
Axes           | 4 5 7 9 10 12 13 14 | 14.1
Armour         | 3 5 6 8 |  8.0
Dodging        | 3 5 6 8 |  8.1
Evocations     | 3 5 |  5.8

Action                   |  1- 3 |  4- 6 |  7- 9 | 10-12 || total
-------------------------+-------+-------+-------+-------++-------
Melee: Hand axe          |    12 |    35 |   127 |       ||   174
       Battleaxe         |       |       |    55 |   332 ||   387
Invok: Berserk           |     2 |     2 |     9 |     7 ||    20
       Trog's Hand       |       |       |     8 |     7 ||    15
       Brothers in Arms  |       |       |       |     1 ||     1
 Abil: Heal Wounds       |       |     2 |     6 |    18 ||    26
Evoke: Wand              |       |       |       |     2 ||     2
  Use: Scroll            |       |       |     6 |    10 ||    16
       Potion            |       |       |     1 |       ||     1
  Eat: Ration            |       |     1 |       |     1 ||     2
       Chunk             |       |       |    12 |    14 ||    26
Armor: Animal skin       |     2 |     4 |     9 |       ||    15
       Scale mail        |       |       |     9 |       ||     9
       Plate armour      |       |       |    28 |   225 ||   253
       Ring mail         |       |       |     3 |       ||     3
Dodge: Dodged            |    12 |    46 |   109 |   203 ||   370
       Deflected         |       |       |       |     8 ||     8
Block: Other             |       |       |     6 |    72 ||    78

Table legend:
 A = Non-vault XP
 B = Vault XP
 C = Vault XP percentage of total XP
 D = Non-vault monster count
 E = Vault monster count
 F = Vault count percentage of total count
                 A         B        C        D         E       F
            +---------+---------+-------+---------+---------+-------
      Total |   12176 |    8613 |  41.4 |     182 |      67 |  26.9
            +---------+---------+-------+---------+---------+-------
        D:2 |       7 |       0 |   0.0 |       2 |       0 |   0.0
        D:3 |      81 |      90 |  52.6 |      12 |       1 |   7.7
        D:4 |     403 |    1161 |  74.2 |      27 |       4 |  12.9
        D:5 |       5 |     126 |  96.2 |       1 |       2 |  66.7
        D:6 |     493 |       0 |   0.0 |      15 |       0 |   0.0
        D:7 |     243 |    2434 |  90.9 |       8 |      16 |  66.7
        D:8 |    2949 |    2886 |  49.5 |      34 |       3 |   8.1
        D:9 |    2539 |    1027 |  28.8 |      24 |      17 |  41.5
       D:10 |    1464 |     186 |  11.3 |      13 |       5 |  27.8
       D:11 |    1345 |       0 |   0.0 |      10 |       0 |   0.0
       D:12 |     291 |       0 |   0.0 |       5 |       0 |   0.0
      Orc:1 |     558 |       0 |   0.0 |      11 |       0 |   0.0
      Orc:2 |    1798 |     703 |  28.1 |      20 |      19 |  48.7
            +---------+---------+-------+---------+---------+-------
